 Dungeon Crawl Stone Soup version 0.31-a0-216-g22e908daa7 (webtiles) character file.

Game seed: 10868331733338536050

63 qw the Chopper (level 4, 0/28 HPs)
             Began as a Gargoyle Fighter on July 2, 2023.
             Slain by Robin
             ... wielding a +0 trident
              (7 damage)
             ... on level 2 of the Dungeon.
             The game lasted 00:00:37 (1288 turns).

qw the Chopper (Gargoyle Fighter)                   Turns: 1288, Time: 00:00:38

Health: 0/28       AC: 10    Str: 21    XL:     4   Next: 10%
Magic:  4/4        EV:  9    Int:  9    God:
Gold:   18         SH:  4    Dex:  9    Spells: 3/3 levels left

rFire   . . .        Y - +0 war axe
rCold   . . .        c - +0 buckler
rNeg    + . .        b - +0 scale mail
rPois   inf          (no helmet)
rElec   +            (no cloak)
rCorr   .            (no gloves)
SInv    .            (no boots)
Will    .....        (no amulet) Stlth
                     (no ring)
HPRegen 0.24/turn    (no ring)
MPRegen 0.09/turn

%: no passive effects
@: no status effects
A: sickness immunity, AC +3, negative energy resistance 1, electricity
resistance, torment resistance 1, petrification resistance
a: no special abilities


You were on level 2 of the Dungeon.
You visited 1 branch of the dungeon, and saw 2 of its levels.

You collected 18 gold pieces.


Innate Abilities, Weirdness & Mutations

You are immune to sickness and miasma.
Your stone body is resilient. (AC +3)
You are immune to poison.
You resist negative energy. (rN+)
You are resistant to electric shocks. (rElec)
You are resistant to unholy torment.
You are immune to petrification.


   Skills:
 - Level 3.2 Fighting
 + Level 3.9 Axes
 - Level 3.2 Armour
 - Level 3.2 Shields


You had 3 spell levels left.
You didn't know any spells.
Your spell library was empty.

Inventory:

Hand Weapons
 e - a +0 mace
 Y - a +0 war axe (weapon)
Armour
 b - a +0 scale mail (worn)
 c - a +0 buckler (worn)
Scrolls
 a - a scroll of enchant weapon {unknown}
 f - 2 scrolls of identify {unknown}
 h - a scroll of teleportation {unknown}
Potions
 d - a potion of might
 g - a potion of curing {unknown}

Dungeon Overview and Level Annotations

Branches:
Dungeon (2/15)

Altars:

Annotations:
D:2 Robin


Message History

You slash the goblin!
You kill the goblin!
You closely miss the goblin. Robin hits you but does no damage.
The goblin closely misses you.
You barely miss the goblin. Robin closely misses you.
The goblin hits you with a +0 club. The goblin hits you but does no damage.
Robin throws the goblin at you! The goblin hits you but does no damage.
You hit the goblin.
The goblin is heavily wounded.
You barely miss the goblin. The goblin barely misses you.
Robin says, "My army is invincible!"
Robin closely misses you. The goblin hits you but does no damage.
You hit the goblin but do no damage.
The goblin is heavily wounded.
You closely miss the goblin. The goblin closely misses you.
Robin hits you but does no damage. The goblin hits you with a +0 club.
You closely miss the goblin.
The goblin is heavily wounded.
You barely miss the goblin. You block the goblin's attack.
Robin hits you from afar with a +0 trident!
The goblin hits you but does no damage. x2; Robin throws the goblin at you!
The goblin hits you but does no damage.
You slash the goblin!
You kill the goblin!
You hit the goblin.
You kill the goblin!
Robin closely misses you. Robin hits you with a +0 trident.
Things that are here:
a hobgoblin corpse; a hobgoblin corpse
Enter note:
Enter note:
Enter note: You closely miss Robin.
Robin hits you with a +0 trident!
You die...

..........#######.##....####
#.# #########.#
##..........# #.# # #.#
#.............# #.# # #.#
...####.#.##..# #.# # #.#
### #.#.#...# #.# # ...#
........####.# # .....###
##.#... #.....# #
[..##...####.#.#####..... .
......g@))..##. #.###.. #
#####.###)### #.#.####.. #.
#.# #......... .. #.#
#.#######. ## #.# #.# #. #.#
#.# #. #.# #.# #. #.# #.# #.
#.#####.# ###.


You could see Robin.

Vanquished Creatures
  An adder (D:2)
  2 dart slugs (D:1)
  2 ball pythons
  2 bats (D:2)
  3 endoplasms
  2 giant cockroaches
  15 goblins
  9 hobgoblins
  A quokka (D:1)
  3 kobolds (D:1)
  2 rats (D:1)
42 creatures vanquished.

Notes
Turn   | Place    | Note
-------+----------+-------------------------------------------
     0 | D:1      | qw the Gargoyle Fighter began the quest for the Orb.
     0 | D:1      | Reached XP level 1. HP: 14/14 MP: 1/1
     0 | D:1      | 0 ||| qw: Version: 0.3-a-40-ge99b1a8
     0 | D:1      | 0 ||| qw: Game counter: 7918
     0 | D:1      | 0 ||| qw: Melee chars always use a shield: true
     0 | D:1      | 0 ||| qw: God list: Okawaru
     0 | D:1      | 0 ||| qw: Allow faded altars: false
     0 | D:1      | 0 ||| qw: Do Orc after clearing Dungeon:15 true
     0 | D:1      | 0 ||| qw: Do second Lair branch before Depths: true
     0 | D:1      | 0 ||| qw: Lair rune preference: random
     0 | D:1      | 0 ||| qw: Goals: Normal, Zot:1-4, Slime:5, God:TSO, Crypt,
                  | Tomb, Abyss, Pan, Hells, Win
     0 | D:1      | 0 ||| PLANNING D:1-11
   130 | D:1      | Reached XP level 2. HP: 19/19 MP: 2/2
   237 | D:1      | 237 ||| Stepping ~*~*~tactically~*~*~ (hiding).
   492 | D:1      | Reached skill level 3 in Axes
   525 | D:1      | Reached XP level 3. HP: 23/23 MP: 3/3
   686 | D:1      | 686 ||| FLEEEEING.
   845 | D:1      | 845 ||| Stepping ~*~*~tactically~*~*~ (hiding).
   929 | D:1      | Found a faded altar of an unknown god.
  1010 | D:1      | 1010 ||| READING scroll labelled WIUNOENAAL.
  1260 | D:2      | 1260 ||| Stepping ~*~*~tactically~*~*~ (stealth).
  1271 | D:2      | Noticed Robin
  1278 | D:2      | Reached XP level 4. HP: 25/28 MP: 4/4
  1287 | D:2      | HP: 7/28 [Robin/+0 trident (3)]
  1288 | D:2      | Slain by Robin

Levels and vault maps discovered:
D:1:      dpeg_arrival_morbid_curiosity, layout_loops_ring,
          shapermc_ecumenical_altar_mp_vishouse
D:2:      layout_loops_ring, uniq_robin

Skill      XL: |  1  2 |
---------------+-------+-----
Axes           | 2 3 |  3.9
Fighting       | |  3.2
Armour         | |  3.2
Shields        | |  3.2

Action                     |  1- 3 |  4- 6 || total
---------------------------+-------+-------++-------
  Melee: War axe           |    91 |    10 ||   101
    Use: Scroll            |     1 |       ||     1
 Armour: Scale mail        |    34 |    12 ||    46
  Dodge: Dodged            |    33 |     8 ||    41
  Block: Buckler           |    15 |     2 ||    17

Table legend:
 A = Non-vault XP
 B = Vault XP
 C = Vault XP percentage of total XP
 D = Non-vault monster count
 E = Vault monster count
 F = Vault count percentage of total count
                 A         B        C        D         E       F
            +---------+---------+-------+---------+---------+-------
      Total |      60 |      31 |  34.1 |      25 |      17 |  40.5
            +---------+---------+-------+---------+---------+-------
        D:1 |      38 |       9 |  19.1 |      19 |       5 |  20.8
        D:2 |      22 |      22 |  50.0 |       6 |      12 |  66.7
            +---------+---------+-------+---------+---------+-------
